 Dungeon Crawl Stone Soup version 0.18-a0-1426-g3b9a63c (webtiles) character file.

1922 Foomius the Reanimator (level 8, -1/64 HPs)
             Began as a Demonspawn Necromancer on Feb 27, 2016.
             Was a Believer of Okawaru.
             Slain by a sky beast (6 damage)
             ... on level 6 of the Dungeon.
             The game lasted 00:34:22 (6332 turns).

Foomius the Reanimator (Demonspawn Necromancer)     Turns: 6332, Time: 00:34:22

Health: -1/64      AC:  6    Str:  9    XL:     8   Next: 96%
Magic:  1/13       EV: 17    Int: 25    God:    Okawaru [**....]
Gold:   13         SH:  0    Dex: 18    Spells: 5 memorised, 2 levels left

rFire  . . .     SeeInvis .     s - +4 mace of Autumn {freeze, *Corrode Int+6}
rCold  . . .     Gourm    .     F - +0 ring mail (curse)
rNeg   . . .     Faith    .     (no shield)
rPois  .         Spirit   .     (helmet restricted)
rElec  .         Dismiss  .     r - +0 cloak
rCorr  .         Reflect  .     (no gloves)
SustAt .         Harm     .     (no boots)
MR     .....                    (no amulet)
Stlth  ++........               (no ring)
                                E - ring of flight

@: agile, regenerating, not resistant to hostile enchantments, unstealthy
A: antennae 2, claws 2, hooves 1, powered by death 1
a: Heroism, Renounce Religion, Evoke Flight


You were on level 6 of the Dungeon.
You worshipped Okawaru.
Okawaru was pleased with you.
You were hungry.

You visited 2 branches of the dungeon, and saw 7 of its levels.

You collected 241 gold pieces.
You spent 228 gold pieces at shops.

Inventory:

Hand Weapons
 k - a +0 spear
 q - a +0 dagger of holy wrath
 s - the +4 mace of Autumn (weapon) {freeze, *Corrode Int+6}
   (You found it on level 4 of the Dungeon)

   It has been specially enchanted to freeze those struck by it, causing extra
   injury to most foes and up to half again as much damage against particularly
   susceptible opponents.
   It can also slow down cold-blooded creatures.
   It affects your intelligence (+6).
   It may corrode your equipment when you take damage.
 w - a +0 trident
Missiles
 d - 5 tomahawks (quivered)
 v - 162 stones
Armour
 r - a +0 cloak (worn)
 F - a cursed +0 ring mail (worn)
Magical Staves
 G - an uncursed staff of conjuration
Jewellery
 B - an uncursed ring of ice
 E - a ring of flight (left claw)
Wands
 A - a wand of iceblast (0/15)
Scrolls
 m - 6 scrolls of remove curse
 o - 3 scrolls of teleportation
 u - a scroll of enchant weapon {unknown}
 y - 3 scrolls of fog
 z - a scroll of amnesia {unknown}
 K - a scroll of enchant armour
Potions
 a - a potion of flight {unknown}
 e - 3 potions of resistance
 h - a potion of cure mutation
 j - 3 potions of might
 p - a potion of ambrosia
 t - a potion of agility
 x - 2 potions of curing
 C - 2 potions of lignification
 H - a potion of mutation
Books
 b - a book of Necromancy

   Spells                             Type                      Level
   a - Pain                           Necromancy                   1
   b - Animate Skeleton               Necromancy                   1
   c - Vampiric Draining              Necromancy                   3
   d - Regeneration                   Charms/Necromancy            3
   e - Animate Dead                   Necromancy                   4
   f - Control Undead                 Necromancy                   4
 L - a Fen Folio

   Spells                             Type                      Level
   a - Corpse Rot                     Necromancy                   2
   b - Stone Arrow                    Conjuration/Earth            3
   c - Leda's Liquefaction            Hexes/Earth                  4
   d - Summon Forest                  Summoning/Translocation      5
   e - Hydra Form                     Transmutation                6
   f - Summon Hydra                   Summoning                    7
Comestibles
 c - 3 bread rations
 f - a slice of pizza
 g - 4 meat rations
 l - 8 fruits
 n - a beef jerky
 J - a royal jelly


   Skills:
 - Level 6.1 Fighting
 + Level 1.9 Maces & Flails
 - Level 3.1 Armour
 + Level 3.3 Dodging
 - Level 1.7 Stealth
 - Level 3.7 Spellcasting
 - Level 2.0 Charms
 + Level 8.3 Necromancy
 - Level 2.2 Evocations


You had 2 spell levels left.
You knew the following spells:

 Your Spells              Type           Power        Failure   Level  Hunger
a - Pain                  Necr           ####         1%          1    None
b - Animate Skeleton      Necr           N/A          1%          1    None
c - Control Undead        Necr           #####.....   10%         4    ####...
g - Regeneration          Chrm/Necr      ####......   10%         3    ##.....
v - Vampiric Draining     Necr           #####.....   2%          3    ##.....


Dungeon Overview and Level Annotations

Branches:
Dungeon (6/15)             Temple (1/1) D:4

Altars:
Ashenzari
Cheibriados
Elyvilon
Fedhas
Nemelex Xobeh
Okawaru
Pakellas
Ru
Sif Muna
Trog
Vehumet
Xom
Yredelemnul
The Shining One

Shops:
D:4 *   D:6 ?


Innate Abilities, Weirdness & Mutations

You have a pair of antennae on your head.
You have very sharp fingernails.
You have large cloven feet.
You regenerate a little health from kills.


Message History

Something hits you but does no damage.
All of the chunks of flesh in your inventory have rotted away.
Drink which item? (? for menu, Esc to quit)
You feel agile all of a sudden.
Your skin stops crawling.
Something hits you but does no damage.
Your magical contamination has completely faded away.
You hit something but do no damage. You kick something. Something hits you.
Something shocks you.
* * * LOW HITPOINT WARNING * * *
You completely miss something. Something hits you.
* * * LOW HITPOINT WARNING * * *
Something shocks you.
* * * LOW HITPOINT WARNING * * *
Something hits you but does no damage.
Casting: Regeneration
Confirm with . or Enter, or press ? or * to list all spells.
Your skin crawls.
Something hits you.
* * * LOW HITPOINT WARNING * * *
Something shocks you.
You die...

.... #_#......## #
.... #'#.......# ###
.....
#.........#####..
.....
####......##....#
......
##...###...####
......# #........###
.......####
##......###
..........###....####
.......#..{@...###
.###########..## #..#
#..# #..# #..# #.##
..#


There were no monsters in sight!

Vanquished Creatures
  A black bear (D:6)
  2 ice beasts
  A sky beast (D:6)
  2 phantoms (D:4)
  An ogre (D:6)
  2 centaurs (D:5)
  3 giant frogs (D:6)
  Blork the orc (D:4)
  3 howler monkeys
  3 crimson imps
  A hound (D:6)
  2 jellies (D:6)
  An orc priest (D:5)
  Crazy Yiuf (D:4)
  4 orc wizards
  Natasha (thrice) (D:4)
  A worker ant (D:4)
  4 gnolls
  6 adders
  A shadow imp (D:6)
  An ooze (D:6)
  An adder zombie (D:5)
  4 worms
  A dart slug (D:1)
  5 giant geckos
  12 orcs
  5 bats
  2 giant cockroaches
  10 goblins
  6 hobgoblins
  3 jackals (D:1)
  A quokka (D:4)
  A giant gecko skeleton (D:4)
  2 giant newts
  A jackal zombie (D:6)
  3 kobolds
  6 rats
107 creatures vanquished.

Vanquished Creatures (collateral kills)
  A giant frog (D:5)
  A howler monkey (D:5)
  An orc wizard (D:3)
  A giant frog skeleton (D:5)
  A worker ant (D:5)
  4 orcs
  A hobgoblin (D:3)
  2 giant newts
  A goblin (D:3)
13 creatures vanquished.

Grand Total: 120 creatures vanquished

Notes
Turn   | Place    | Note
--------------------------------------------------------------
     0 | D:1      | Foomius the Demonspawn Necromancer began the quest for the Orb.
     0 | D:1      | Reached XP level 1. HP: 13/13 MP: 3/3
   114 | D:1      | Reached skill level 1 in Fighting
   293 | D:1      | Gained mutation: You have large cloven feet. [demonic ancestry]
   293 | D:1      | Reached XP level 2. HP: 12/22 MP: 0/5
   869 | D:1      | Reached XP level 3. HP: 28/28 MP: 6/6
  1413 | D:1      | Learned a level 3 spell: Vampiric Draining
  2059 | D:2      | Learned a level 3 spell: Regeneration
  2127 | D:2      | Found an oddly glowing altar of Pakellas.
  2228 | D:2      | Gained mutation: You have a pair of small antennae on your head. [demonic ancestry]
  2228 | D:2      | Reached XP level 4. HP: 33/35 MP: 6/8
  2231 | D:2      | Learned a level 1 spell: Animate Skeleton
  2681 | D:3      | Reached skill level 5 in Necromancy
  2727 | D:3      | Found a shattered altar of Ashenzari.
  2852 | D:3      | Gained mutation: You have sharp fingernails. [demonic ancestry]
  2852 | D:3      | Reached XP level 5. HP: 41/41 MP: 7/9
  3217 | D:4      | Noticed a phantom
  3437 | D:4      | Killed a phantom
  3437 | D:4      | Gained mutation: You have a pair of antennae on your head. [demonic ancestry]
  3437 | D:4      | Reached XP level 6. HP: 29/50 MP: 6/10
  3560 | D:4      | Got a twisted mace
  3561 | D:4      | Identified the +4 mace of Autumn {freeze, *Corrode Int+6} (You found it on level 4 of the Dungeon)
  3600 | D:4      | Reached skill level 5 in Fighting
  3748 | D:4      | Noticed an ice beast
  3765 | D:4      | Killed an ice beast
  3765 | D:4      | Reached skill level 1 in Charms
  3956 | D:4      | Found Qoux's General Store.
  3956 | D:4      | Noticed Blork the orc
  4113 | D:4      | Killed Blork the orc
  4113 | D:4      | Gained mutation: You have very sharp fingernails. [demonic ancestry]
  4113 | D:4      | Reached XP level 7. HP: 46/58 MP: 7/11
  4165 | D:4      | Found a staircase to the Ecumenical Temple.
  4174 | D:4      | Noticed Natasha
  4177 | Temple   | Entered the Ecumenical Temple
  4185 | Temple   | Became a worshipper of Warmaster Okawaru
  4204 | D:4      | Killed Natasha
  4234 | D:4      | Noticed Natasha
  4241 | D:4      | Killed Natasha
  4281 | D:4      | Bought a scroll of immolation for 42 gold pieces
  4281 | D:4      | Bought a scroll of noise for 12 gold pieces
  4281 | D:4      | Bought a scroll of remove curse for 36 gold pieces
  4281 | D:4      | Bought a scroll of teleportation for 36 gold pieces
  4456 | D:4      | Learned a level 4 spell: Control Undead
  4510 | D:4      | Noticed Crazy Yiuf
  4514 | D:4      | Killed Crazy Yiuf
  4803 | D:4      | Noticed Natasha
  4808 | D:4      | Killed Natasha
  4857 | D:5      | Entered Level 5 of the Dungeon
  4952 | D:5      | Found a basalt altar of Yredelemnul.
  5010 | D:5      | Found a white marble altar of Elyvilon.
  5066 | D:5      | Reached * piety under Okawaru
  5066 | D:5      | Reached skill level 1 in Armour
  5066 | D:5      | Reached skill level 6 in Necromancy
  5427 | D:5      | HP: 4/87 [something/puff of flame (2)]
  5428 | D:5      | Gained mutation: You regenerate a little health from kills. [demonic ancestry]
  5428 | D:5      | Reached XP level 8. HP: 4/64 MP: 13/13
  5685 | D:5      | Found a radiant altar of Vehumet.
  5754 | D:5      | Reached skill level 1 in Maces & Flails
  5754 | D:5      | Reached skill level 7 in Necromancy
  6043 | D:6      | Found Ucso's Magic Scroll Shoppe.
  6051 | D:6      | Bought a scroll of enchant armour for 90 gold pieces
  6051 | D:6      | Bought a scroll of random uselessness for 12 gold pieces
  6096 | D:6      | Reached skill level 1 in Evocations
  6111 | D:6      | Reached ** piety under Okawaru
  6206 | D:6      | Reached skill level 8 in Necromancy
  6207 | D:6      | Found a sparkling altar of Nemelex Xobeh.
  6285 | D:6      | Found a sacrificial altar of Ru.
  6332 | D:6      | Slain by a sky beast

Vault maps used:
D:1:      dpeg_arrival_triangle_fractal, due_unseen_surprise
D:2:      grunt_pakellas_salt
D:3:      old_standard_altar, first_bread
D:4:      temple_fountains, serial_shops, kennysheep_little_box,
          uniq_blork_the_orc, uniq_crazy_yiuf_cottage, uniq_natasha
D:5:      kennysheep_ying_yang, marbit_many_paths
D:6:      kennysheep_mini, serial_shops, shop_fountains, portal_sewer_entry_b,
          nemelex_dance_club_becter
Temple:   nicolae_temple_no_exploring_needed

Skill      XL: |  1  2  3  4  5  6  7  8 |
---------------+-------------------------+-----
Fighting       | 1 2 3 4 6 |  6.1
Necromancy     | 5 6 8 |  8.3
Charms         | 1 2 |  2.0
Spellcasting   | 3 |  3.7
Armour         | 1 3 |  3.1
Maces & Flails | 1 |  1.9
Dodging        | 3 |  3.3
Evocations     | 2 |  2.2
Stealth        | |  1.7

Action                   |  1- 3 |  4- 6 |  7- 9 || total
-------------------------+-------+-------+-------++-------
Melee: Spear             |    62 |       |       ||    62
       Trident           |    16 |    59 |       ||    75
       Mace              |       |    33 |   115 ||   148
Throw: Tomahawk          |    21 |    15 |    14 ||    50
       Stone             |       |    37 |     4 ||    41
 Cast: Pain              |    41 |    49 |    74 ||   164
       Animate Skeleton  |       |    13 |    14 ||    27
       Regeneration      |       |     6 |     7 ||    13
       Vampiric Draining |       |     1 |     9 ||    10
       Control Undead    |       |       |     2 ||     2
Invok: Heroism           |       |       |     1 ||     1
Evoke: Wand              |       |     3 |     1 ||     4
  Use: Scroll            |       |     1 |     9 ||    10
       Potion            |       |     1 |     3 ||     4
 Stab: Sleeping          |     3 |     1 |     1 ||     5
  Eat: Chunk             |     5 |     6 |    10 ||    21
